 Dungeon Crawl Stone Soup version 0.29-a0-40-g8eb35efe60 (webtiles) character file.

Game seed: 13261386356974499072

18519 crazypyro the Cleaver (level 12, -4/106 HPs)
             Began as a Minotaur Fighter on Feb 1, 2022.
             Was an Initiate of Gozag.
             Succumbed to a wolf spider's poison
             ... on level 2 of the Lair of Beasts.
             The game lasted 00:17:31 (13675 turns).

crazypyro the Cleaver (Minotaur Fighter)           Turns: 13675, Time: 00:17:31

Health: -4/106     AC: 13    Str: 30    XL:     12   Next: 28%
Magic:  11/11      EV: 13    Int:  5    God:    Gozag
Gold:   789        SH:  0    Dex: 12    Spells: 11/11 levels left

rFire   . . .      SeeInvis +   E - +7 mace of Variability {chain chaos}
rCold   . . .      Faith    .   (shield currently unavailable)
rNeg    . . .      Spirit   .   N - +2 ring mail {Will+}
rPois   .          Reflect  .   (helmet restricted)
rElec   .          Harm     .   O - +1 cloak
rCorr   +          Rampage  .   (no gloves)
Will    +....                   j - +0 pair of boots
Stlth   ..........              r - amulet of the acrobat
HPRegen 0.27/turn               m - ring of resist corrosion
MPRegen 0.12/turn               k - +6 ring of strength

@: confused, mighty, lethally poisoned (-4 -> -71), ambrosia-drunk, gold aura,
studying Shields
A: horns 2, retaliatory headbutt, see invisible
a: Renounce Religion, Potion Petition, Call Merchant, Bribe Branch


You were on level 2 of the Lair of Beasts.
You worshipped Gozag.
Gozag was pleased with you.
You visited 3 branches of the dungeon, and saw 13 of its levels.

You collected 2321 gold pieces.
You spent 900 gold pieces at shops.
You paid 632 gold pieces to Gozag.

Inventory:

Hand Weapons
 a - a +0 spectral war axe
 o - a +4 battleaxe
 q - a +0 war axe
 C - a +5 war axe of freezing
 E - the +7 mace of Variability (weapon) {chain chaos}
   (You bought it in a shop on level 8 of the Dungeon)

   Each time it hits an enemy it has a different, random effect.
   It occasionally unleashes arcs of chaos on nearby creatures upon striking a
   foe.
Missiles
 t - 2 throwing nets (quivered)
Armour
 b - a +0 scale mail
 c - a +1 buckler
 j - a +0 pair of boots (worn)
 x - a +0 chain mail
 N - a +2 ring mail of willpower (worn)
 O - a +1 cloak (worn)
Jewellery
 g - a ring of flight
 k - a +6 ring of strength (right hand)
 m - a ring of resist corrosion (left hand)
 r - an amulet of the acrobat (around neck)
 w - a +6 ring of intelligence
 y - an amulet of magic regeneration
 K - a +4 ring of protection
 M - a +6 ring of intelligence
Wands
 n - a wand of iceblast (11)
 F - a wand of paralysis (11)
Scrolls
 e - 4 scrolls of immolation
 f - a scroll of enchant armour
 h - a scroll of blinking {unknown}
 i - 11 scrolls of identify
 p - 3 scrolls of teleportation
 B - a scroll of enchant weapon
 J - a scroll of fog
 L - a scroll of noise {unknown}
Potions
 d - 6 potions of ambrosia
 l - 2 potions of flight {unknown}
 s - 4 potions of mutation
 u - a potion of invisibility {unknown}
 v - 2 potions of heal wounds {unknown}
 z - 2 potions of degeneration {unknown}
 A - a potion of attraction {unknown}
 D - a potion of magic {unknown}
 G - a potion of brilliance {unknown}
 H - a potion of lignification {unknown}
 I - a potion of resistance {unknown}
 P - 2 potions of curing


   Skills:
 + Level 10.2 Fighting
 - Level 14.1(14.9) Axes
 * Level 8.3(12.2) Maces & Flails
 + Level 10.3 Armour
 - Level 6.7 Dodging
 + Level 12.6 Shields


You had 11 spell levels left.
You didn't know any spells.
Your spell library contained the following spells:

 Spells                   Type           Power      Damage    Failure   Level
 Foxfire                  Conj/Fire      0%         2x1d4     56%         1
 Call Canine Familiar     Summ           0%         N/A       91%         3
 Conjure Flame            Conj/Fire      0%         6-21      91%         3
 Ignite Poison            Fire/Tmut/Pois 0%         N/A       91%         3
 Inner Flame              Hex/Fire       0%         N/A       91%         3
 Portal Projectile        Hex/Tloc       0%         N/A       91%         3
 Animate Armour           Summ/Erth      0%         N/A       100%        4
 Cause Fear               Hex            0%         N/A       100%        4
 Flame Wave               Conj/Fire      0%         2d4       100%        4
 Leda's Liquefaction      Hex/Erth       0%         N/A       100%        4
 Sticky Flame             Conj/Fire      0%         2d3       100%        4
 Blade Hands              Tmut           0%         N/A       100%        5
 Iron Shot                Conj/Erth      0%         9d1       100%        6
 Discord                  Hex            0%         N/A       100%        8


Dungeon Overview and Level Annotations

Branches:
Dungeon (10/15)            Temple (1/1) D:5            Lair (2/6) D:9
  Swamp: Lair:2-4    Shoals: Lair:2-4     Snake: Lair:2-4    Spider: Lair:2-4
    Orc: D:9-12

Altars:
Ashenzari
Cheibriados
Dithmenos
Elyvilon
Fedhas
Gozag
Hepliaklqana
Kikubaaqudgha
Makhleb
Nemelex Xobeh
Okawaru
Qazlal
Ru
Sif Muna
Trog
Uskayaw
Vehumet
Wu Jian
Xom
Yredelemnul
Zin
The Shining One
Lugonu

Shops:
D:6 (   D:8 (

Annotations:
D:5 3 runed translucent doors, murtidash's ghost, novice FoAK
D:8 3 runed translucent doors, lonewolfV2's ghost, novice DsBe


Innate Abilities, Weirdness & Mutations

You have a pair of horns on your head.
You reflexively headbutt those who attack you in melee.
You have supernaturally acute eyesight. (SInv)


Message History

The wolf spider hits you but does no damage.
The wolf spider bites you.
You are more poisoned.
The wolf spider poisons you!
You feel very mighty all of a sudden.
You feel extremely sick. The wolf closely misses you.
The wolf spider hits you but does no damage.
The wolf spider barely misses you. The wolf barely misses you.
You furiously retaliate!
You headbutt the wolf. The wolf bites you but does no damage.
You are too injured to fight recklessly!
You are too injured to fight recklessly!
You are too injured to fight recklessly!
You barely miss the wolf spider.
The wolf spider is moderately wounded.
* * * LOW HITPOINT WARNING * * *
You feel extremely sick.
The wolf spider is no longer distracted by gold.
The wolf spider hits you.
* * * LOW HITPOINT WARNING * * *
The wolf spider bites you.
* * * LOW HITPOINT WARNING * * *
The wolf spider barely misses you. x2; The wolf barely misses you.
The wolf bites you.
* * * LOW HITPOINT WARNING * * *
The wolf spider misses you. You furiously retaliate!
You headbutt the wolf spider!
The wolf spider bites you but does no damage.
The wolf spider hits you but does no damage.
The wolf spider bites you!
* * * LOW HITPOINT WARNING * * *
You are more poisoned.
The wolf spider poisons you! The wolf bites you.
* * * LOW HITPOINT WARNING * * *
Okay, then.
You are confused.
You feel invigorated.
You die...
Your body crumbles into a pile of gold.

# ##### ########## #.##.
#....##..## #########...
##....#...###.##.#.###..
#......h...........##..
#.....@s.##..#.........
#.....hs..########PP...
#PP####...# #P..P. ###
#P#.# ##..... ###..#
....... .... ##......
.P.#..#....... ....
......... ........


You could see 2 wolf spiders and 2 wolves.

Vanquished Creatures
  A two-headed ogre (D:10)
  6 elephants
  A black mamba (Lair:2)
  Maggie (Lair:2)
  3 cane toads
  A rime drake (Lair:2)
  3 komodo dragons
  A queen bee (Lair:1)
  A troll (D:10)
  3 blink frogs (Lair:2)
  A polar bear (Lair:2)
  3 wyverns
  27 yaks
  2 basilisks (Lair:1)
  An acid dragon (D:10)
  9 water moccasins
  An orc warrior (D:8)
  7 black bears
  A sky beast (D:6)
  An ogre (D:5)
  10 wolves
  2 centaurs
  2 phantoms
  A kobold brigand (D:9)
  14 bullfrogs
  A wyvern zombie (D:8)
  A scorpion (D:4)
  A water moccasin skeleton (D:4)
  33 killer bees
  22 wights
  2 howler monkeys (D:4)
  A crimson imp (Lair:2)
  2 centaur zombies (D:9)
  A bullfrog zombie (D:6)
  2 jellies
  2 hounds
  3 orc priests
  A gnoll shaman (D:8)
  A bullfrog skeleton (D:5)
  Ijyb (D:3)
  4 iguanas
  3 orc wizards
  6 hell rats (Lair:2)
  A killer bee zombie (D:8)
  A hound zombie (D:3)
  A hound skeleton (D:5)
  3 howler monkey zombies
  13 gnolls
  A howler monkey skeleton (D:7)
  6 adders
  A shadow imp (D:8)
  2 ufetubi (D:5)
  An adder skeleton (D:4)
  A dart slug (D:3)
  20 orcs
  2 ball pythons (D:3)
  6 endoplasms
  4 giant cockroaches
  5 goblins
  9 hobgoblins
  4 jackals (D:3)
  7 kobolds
  4 quokkas
  6 bats
  2 frilled lizards
  7 rats
297 creatures vanquished.

Vanquished Creatures (others)
  8 fungi
  8 plants
16 creatures vanquished.

Grand Total: 313 creatures vanquished

Notes
Turn   | Place    | Note
-------+----------+-------------------------------------------
     0 | D:1      | crazypyro the Minotaur Fighter began the quest for the Orb.
     0 | D:1      | Reached XP level 1. HP: 19/19 MP: 0/0
   297 | D:1      | Reached XP level 2. HP: 27/27 MP: 1/1
   550 | D:1      | Found a faded altar of an unknown god.
   847 | D:2      | Reached skill level 3 in Axes
   847 | D:2      | Reached XP level 3. HP: 30/33 MP: 2/2
  1445 | D:3      | Reached XP level 4. HP: 40/40 MP: 3/3
  1677 | D:3      | Reached skill level 1 in Dodging
  1814 | D:3      | Noticed Ijyb
  1820 | D:3      | Killed Ijyb
  2223 | D:4      | Reached skill level 4 in Axes
  2223 | D:4      | Reached XP level 5. HP: 33/47 MP: 4/4
  2517 | D:4      | Noticed a phantom
  2528 | D:4      | Reached XP level 6. HP: 22/55 MP: 5/5
  2530 | D:4      | Reached skill level 5 in Axes
  2530 | D:4      | Reached skill level 5 in Shields
  2912 | D:4      | Reached skill level 5 in Fighting
  2912 | D:4      | Reached skill level 5 in Armour
  3016 | D:4      | Reached XP level 7. HP: 40/61 MP: 6/6
  3145 | D:4      | Reached skill level 6 in Axes
  3350 | D:4      | Found a broken altar of Ashenzari.
  3558 | D:5      | Entered Level 5 of the Dungeon
  3614 | D:5      | Reached skill level 7 in Axes
  3659 | D:5      | Noticed a wyvern
  3663 | D:5      | Killed a wyvern
  3664 | D:5      | Reached skill level 8 in Axes
  3664 | D:5      | Reached XP level 8. HP: 47/68 MP: 7/7
  3776 | D:5      | Found a runed translucent gate.
  3776 | D:5      | Found a runed translucent gate.
  3776 | D:5      | Found a runed translucent gate.
  3777 | D:5      | Noticed murtidash's ghost (novice FoAK)
  3803 | D:5      | Found a shimmering altar of Xom.
  3805 | D:5      | Found a snail-covered altar of Cheibriados.
  3807 | D:5      | Found a radiant altar of Vehumet.
  3807 | D:5      | Found a sparkling altar of Nemelex Xobeh.
  3807 | D:5      | Found a glowing golden altar of the Shining One.
  3809 | D:5      | Found a sacrificial altar of Ru.
  3809 | D:5      | Found an ancient bone altar of Kikubaaqudgha.
  3811 | D:5      | Found a white marble altar of Elyvilon.
  3912 | D:5      | Reached skill level 5 in Dodging
  4092 | D:5      | Found a staircase to the Ecumenical Temple.
  4101 | Temple   | Entered the Ecumenical Temple
  4137 | Temple   | Became a worshipper of Gozag Ym Sagoz the Greedy
  4373 | D:5      | Reached skill level 9 in Axes
  4820 | D:6      | Reached skill level 10 in Axes
  4950 | D:6      | Reached XP level 9. HP: 48/73 MP: 8/8
  5123 | D:6      | Found Peleul's Antique Weapon Shop.
  5162 | D:6      | Found an ornate altar of the Wu Jian Council.
  5372 | D:7      | Reached skill level 11 in Axes
  5916 | D:7      | Found a shadowy altar of Dithmenos.
  6285 | D:8      | Found a basalt altar of Yredelemnul.
  6439 | D:8      | Found a burning altar of Makhleb.
  7005 | D:8      | Found a runed translucent gate.
  7006 | D:8      | Found a runed translucent gate.
  7007 | D:8      | Found a runed translucent gate.
  7008 | D:8      | Noticed a nine-headed hydra
  7008 | D:8      | Noticed an 11-headed hydra
  7008 | D:8      | Noticed lonewolfV2's ghost (novice DsBe)
  7143 | D:8      | Noticed a komodo dragon
  7143 | D:8      | Noticed a komodo dragon
  7158 | D:8      | Killed a komodo dragon
  7159 | D:8      | Reached skill level 12 in Axes
  7163 | D:8      | Killed a komodo dragon
  7905 | D:9      | Found a staircase to the Lair.
  7905 | D:9      | Noticed an elephant
  7911 | D:9      | Reached XP level 10. HP: 78/83 MP: 9/9
  7916 | D:9      | Killed an elephant
  7939 | D:9      | Reached skill level 13 in Axes
  9025 | D:9      | Identified a scroll of acquirement
  9025 | D:9      | Acquired a manual of Shields
  9034 | D:10     | Entered Level 10 of the Dungeon
  9065 | D:10     | Noticed a two-headed ogre
  9092 | D:10     | Killed a two-headed ogre
  9254 | D:10     | Reached skill level 14 in Axes
  9308 | D:10     | Found an iron altar of Okawaru.
  9501 | D:10     | Reached XP level 11. HP: 63/94 MP: 10/10
 10086 | D:8      | Bought the +7 mace of Variability {chain chaos} for 900
                  | gold pieces
 10086 | D:8      | Found the +7 mace of Variability {chain chaos}
 10151 | Lair:1   | Entered Level 1 of the Lair of Beasts
 10167 | D:9      | Reached skill level 1 in Maces & Flails
 10510 | Lair:1   | Reached skill level 10 in Shields
 10736 | Lair:1   | Gained mutation: Your magical capacity is low. (-10% MP)
                  | [potion of mutation]
 10736 | Lair:1   | Lost mutation: Your magical capacity is low. (-10% MP)
                  | [potion of mutation]
 10736 | Lair:1   | Gained mutation: You have supernaturally acute eyesight.
                  | (SInv) [potion of mutation]
 11603 | Lair:1   | Reached skill level 5 in Maces & Flails
 12889 | Lair:2   | Noticed Maggie
 12905 | Lair:2   | Killed Maggie
 13207 | Lair:2   | Reached XP level 12. HP: 76/106 MP: 11/11
 13212 | Lair:2   | Reached skill level 10 in Armour
 13396 | Lair:2   | Reached skill level 10 in Fighting
 13675 | Lair:2   | Succumbed to a wolf spider's poison

Illustrated notes

Levels and vault maps discovered:
D:1:      zelgadis_glass_arrival_small, layout_loops_ring,
          shapermc_ecumenical_altar_flowoftime, hex_large
D:2:      layout_rooms
D:3:      layout_loops_ring, columned_hall_lemuel, minmay_diced_spiral,
          uniq_ijyb
D:4:      layout_gridville, ashenzari_altar_1
D:5:      layout_layer_cave, grunt_temple_overflow_open,
          minmay_temple_entry_trees, gammafunk_ghost_nasty_kobolds,
          nicolae_underground_beach
D:6:      layout_rooms, nzn_wu_jian_contemplation, serial_shops,
          nicolae_take_the_stairs
D:7:      layout_basic, grunt_dithmenos_shadows
D:8:      kennysheep_big_flooded_room, layout_gridville,
          lemuel_zombie_altar_yredelemnul, lightli_temple_of_fire,
          gammafunk_ghost_hydra_chop
D:9:      layout_grid_maze, david_lair_generic
D:10:     layout_small_grid, okawaru_trees_1
Temple:   corrupted_temple
Lair:1:   layout_cave_pods, special_room [special_room_bee],
          beast_lair_carwin_8, grunt_megastairs_2
Lair:2:   layout_misc_corridors, shoals_dummy_entry,
          nicolae_spider_entry_orb_guardian, nicolae_lair_run_with_the_wolves,
          grunt_megastairs_5, uniq_maggie

Skill      XL: |  1  2  3  4  5  6  7  8  9 10 11 12 |
---------------+-------------------------------------+-----
Armour         | 4 5 6 8 9 10 | 10.3
Fighting       | 4 5 6 8 9 10 | 10.2
Axes           | 3 4 5 8 10 12 14 | 14.1
Shields        | 4 5 6 8 11 12 | 12.6
Dodging        | 1 2 4 6 |  6.7
Maces & Flails | 7 8 |  8.3

Action                   |  1- 3 |  4- 6 |  7- 9 | 10-12 || total
-------------------------+-------+-------+-------+-------++-------
Melee: War axe           |    65 |    92 |   205 |   110 ||   472
       Headbutt          |     7 |     7 |    40 |    56 ||   110
       Great mace        |       |       |       |   208 ||   208
Invok: Call Merchant     |       |       |     1 |       ||     1
  Use: Potion            |       |     1 |       |     7 ||     8
       Scroll            |       |       |    11 |     6 ||    17
 Stab: Distracted        |       |       |       |     6 ||     6
Armor: Scale mail        |    27 |    37 |     9 |       ||    73
       Chain mail        |       |       |    61 |    64 ||   125
       Ring mail         |       |       |       |    69 ||    69
Dodge: Dodged            |    38 |    43 |   127 |   286 ||   494
Block: Buckler           |     9 |    23 |    67 |    37 ||   136

Table legend: (Time is in decaauts)
 A = Elapsed time spent in this place.
 B = Non-inter-level travel time spent in this place.
 C = Inter-level travel time spent in this place.
 D = Time resting spent in this place.
 E = Time spent auto-exploring this place.
 F = Levels seen in this place.
 G = Mean time per level.
                   A        B        C        D        E       F      G
               +--------+--------+--------+--------+--------+-----+--------+
         Total |  13762 |  13386 |    376 |      0 |  11702 |  13 | 1058.6 |
       Dungeon |  10444 |  10140 |    304 |      0 |   8878 |  10 | 1044.4 |
        Temple |     51 |     30 |     21 |      0 |     23 |   1 |   51.0 |
          Lair |   3266 |   3217 |     49 |      0 |   2801 |   2 | 1633.0 |
               +--------+--------+--------+--------+--------+-----+--------+

Top non-repeatable levels by time:
  Lair:1: 2467 daAuts
     D:9: 1704 daAuts
     D:8: 1558 daAuts
     D:4: 1454 daAuts
     D:5: 1001 daAuts
    D:10: 988 daAuts
     D:1: 851 daAuts
     D:7: 816 daAuts
  Lair:2: 798 daAuts
     D:3: 791 daAuts
     D:6: 757 daAuts
     D:2: 518 daAuts
  Temple: 51 daAuts
